 Seeded DCSS version 0.30-a0-279-g4b46babb21 (webtiles) character file.

Game seed: 9700494114414739991 (custom seed)

32 hikkokomori the Trooper (level 3, 23/23 HPs)
             Began as a Gargoyle Berserker on Oct 17, 2022.
             Was a Follower of Trog.
             Got out of the dungeon alive.
             The game lasted 00:01:35 (546 turns).

hikkokomori the Trooper (Gargoyle Berserker)         Turns: 546, Time: 00:01:36

Health: 23/23      AC:  8    Str: 19    XL:     3   Next: 25%
Magic:  3/3        EV: 12    Int:  6    God:    Trog [*.....]
Gold:   364        SH:  0    Dex: 12    Spells: 2/2 levels left

rFire   . . .      SeeInvis .    a - +0 hand axe
rCold   . . .      Faith    .    (no shield)
rNeg    + + .      Spirit   .    b - +0 animal skin
rPois   ∞          Reflect  .    (no helmet)
rElec   +          Harm     .    f - +2 ratskin cloak {*Rats rPois rN+ Str-1 Int-1 Dex+1}
rCorr   .          Rampage  .    (no gloves)
Will    .....                    (no boots)
Stlth   +.........               (no amulet)
HPRegen 0.23/turn                (no ring)
MPRegen 0.08/turn                (no ring)

@: studying Axes
A: sickness immunity, AC +3, negative energy resistance 1, electricity
resistance, torment resistance 1, petrification resistance
a: Renounce Religion, Berserk


You escaped.
You worshipped Trog.
Trog was aware of your devotion.
You visited 1 branch of the dungeon, and saw 1 of its levels.

You collected 364 gold pieces.

Inventory:

Hand Weapons
 a - a +0 hand axe (weapon)
Armour
 b - a +0 animal skin (worn)
 f - the +2 ratskin cloak (worn) {*Rats rPois rN+ Str-1 Int-1 Dex+1}
   (You acquired it on level 1 of the Dungeon)

   When the wearer is hurt, rats may emerge from it to assist them.
   Str:       It affects your strength (-1).
   Int:       It affects your intelligence (-1).
   Dex:       It affects your dexterity (+1).
   rPois:     It protects you from poison.
   rN:        It protects you from negative energy.
Jewellery
 g - a ring of protection from cold
Scrolls
 d - a scroll of fog {unknown}
 e - a scroll of amnesia {unknown}
Potions
 c - 3 potions of berserk rage {unknown}


   Skills:
 + Level 3.6 Fighting
 + Level 3.0 Axes
 + Level 2.6 Armour
 + Level 2.0 Dodging


You had 2 spell levels left.
You didn't know any spells.
Your spell library was empty.

Dungeon Overview and Level Annotations

Branches:
Dungeon (1/15)

Altars:


Innate Abilities, Weirdness & Mutations

You are immune to sickness and miasma.
Your stone body is resilient. (AC +3)
You are immune to poison.
You resist negative energy. (rN+)
You are resistant to electric shocks. (rElec)
You are resistant to unholy torment.
You are immune to petrification.


Message History

The ball python constricts you.
A ball python is nearby!
You slash the ball python!
You kill the ball python!
Trog accepts your kill.
Things that are here:
a +0 short sword; 3 stones; a kobold skeleton
There is a stone staircase leading down here.
Found a stone staircase leading down.
No target in view!
g - a ring of protection from cold No target in view!
Done exploring.
No target in view!
Done exploring.
No target in view!
Done exploring.
No target in view!
Done exploring.
No target in view!
Done exploring.
No target in view!
This is a scroll of acquirement!
Something appears at your feet!
You see here a manual of Axes.
Something appears at your feet!
You pick up a manual of Axes and begin studying.
You now have 364 gold pieces (gained 351).
Something appears at your feet!
f - the +2 ratskin cloak {*Rats rPois rN+ Str-1 Int-1 Dex+1} You start putting on your armour.
You continue putting on the +2 ratskin cloak {*Rats rPois rN+ Str-1 Int-1 Dex+1}. x4
You finish putting on the +2 ratskin cloak {*Rats rPois rN+ Str-1 Int-1 Dex+1}.
You feel weaker.
You feel stupid.
You feel agile.
Unknown command.
There is an open door here.
There is a staircase leading out of the dungeon here.
You can't go down here!
Are you sure you want to leave the Dungeon?
This will make you lose the game!
You have escaped!

#...## ###.#......###.
#.#..#####.#.(..(.# #.
#.##.......#.#....# ##
#.########........##
#..# #......)..# ##.#
#.......#.## #.#
#..........## #.####
#...........#
######@######...#......
#...........#..........
##+####'####'#..##.##...
#..#.##.).......##.##...
#..........#######..###.
#.........## ##.####
#.........#########...).
#.......).......>.....).
#.........##############


There were no monsters in sight!

Vanquished Creatures
  A dart slug (D:1)
  An endoplasm (D:1)
  3 giant cockroaches (D:1)
  2 goblins (D:1)
  3 hobgoblins (D:1)
  3 jackals (D:1)
  2 kobolds (D:1)
  2 quokkas (D:1)
  A ball python (D:1)
  9 frilled lizards (D:1)
27 creatures vanquished.

Vanquished Creatures (others)
  7 plants (D:1)
7 creatures vanquished.

Grand Total: 34 creatures vanquished

Notes
Turn   | Place    | Note
-------+----------+-------------------------------------------
     0 | D:1      | hikkokomori the Gargoyle Berserker began the quest for the
                  | Orb.
     0 | D:1      | Reached XP level 1. HP: 14/14 MP: 1/1
    87 | D:1      | Reached XP level 2. HP: 14/19 MP: 2/2
   274 | D:1      | Reached XP level 3. HP: 22/23 MP: 3/3
   525 | D:1      | Identified 3 scrolls of acquirement
   525 | D:1      | Acquired 351 gold pieces
   526 | D:1      | Acquired a manual of Axes
   528 | D:1      | Acquired the +2 ratskin cloak {*Rats rPois rN+ Str-1 Int-1
                  | Dex+1}
   528 | D:1      | Found the +2 ratskin cloak {*Rats rPois rN+ Str-1 Int-1
                  | Dex+1}
   546 | D:$      | Got out of the dungeon alive.

Illustrated notes

Levels and vault maps discovered:
D:1:      minmay_arrival_three_doors, layout_rooms, minmay_lizard_king

Skill      XL: |  1  2 |
---------------+-------+-----
Axes           | 3 |  3.0
Dodging        | 2 |  2.0
Fighting       | |  3.6
Armour         | |  2.6

Action                   || total
-------------------------++-------
Melee: Hand axe          ||    71
  Use: Scroll            ||     3
Armor: Animal skin       ||    29
Dodge: Dodged            ||    39

Table legend: (Time is in decaauts)
 A = Elapsed time spent in this place.
 B = Non-inter-level travel time spent in this place.
 C = Inter-level travel time spent in this place.
 D = Time resting spent in this place.
 E = Time spent auto-exploring this place.
 F = Levels seen in this place.
 G = Mean time per level.
                   A        B        C        D        E       F      G
               +--------+--------+--------+--------+--------+-----+--------+
         Total |    558 |    548 |     10 |     43 |    344 |   1 |  558.0 |
       Dungeon |    558 |    548 |     10 |     43 |    344 |   1 |  558.0 |
               +--------+--------+--------+--------+--------+-----+--------+

Top non-repeatable levels by time:
     D:1: 558 daAuts
